 Dungeon Crawl Stone Soup version 0.21.1-1-g345015fe64 (webtiles) character file.

1267 Naru the Cleaver (level 8, -7/73 HPs)
             Began as a Hill Orc Monk on June 22, 2018.
             Was a Priest of Beogh.
             Mangled by spacerossing's ghost (18 damage)
             ... on level 6 of the Dungeon.
             The game lasted 00:16:01 (7552 turns).

Naru the Cleaver (Hill Orc Monk)                    Turns: 7552, Time: 00:16:01

Health: -7/73      AC: 13    Str: 14    XL:     8   Next: 52%
Magic:  8/8        EV:  5    Int: 11    God:    Beogh [***...]
Gold:   319        SH:  0    Dex: 14    Spells: 7/7 levels left

rFire    + . .     SeeInvis .   x - +1 war axe (chop)
rCold    x . .     Gourm    .   (no shield)
rNeg     . . .     Faith    .   b - +1 plate armour
rPois    +         Spirit   .   (no helmet)
rElec    .         Reflect  .   d - +0 cloak (curse)
rCorr    .         Harm     .   (no gloves)
MR       .....                  (no boots)
Stlth    ..........             a - amulet of rage
HPRegen  0.22/turn              o - ring of poison resistance
MPRegen  0.11/turn              v - ring "Soug" {+Fly rPois rF+ rC-}

@: no status effects
A: no striking features
a: Smiting, Renounce Religion, Evoke Berserk Rage, Evoke Flight


You were on level 6 of the Dungeon.
You worshipped Beogh.
Beogh was most pleased with you.
You were not hungry.

You visited 1 branch of the dungeon, and saw 6 of its levels.

You collected 319 gold pieces.

Inventory:

Hand Weapons
 x - a +1 war axe of chopping (weapon)
Missiles
 q - 17 tomahawks (quivered)
Armour
 b - a +1 plate armour (worn)
 d - a cursed +0 cloak (worn)
Jewellery
 a - an amulet of rage (around neck)
 j - an uncursed amulet of the gourmand {unknown}
 o - a ring of poison resistance (left hand)
 s - an uncursed ring of protection from fire
 v - the ring "Soug" (right hand) {+Fly rPois rF+ rC-}
   (You found it on level 5 of the Dungeon)

   [ring of flight]

   It protects you from fire.
   It makes you vulnerable to cold.
   It protects you from poison.
   It lets you fly.
 y - an uncursed ring of flight
Scrolls
 h - a scroll of fog
 m - 2 scrolls of teleportation
 r - 3 scrolls of remove curse
 u - 2 scrolls of immolation
Potions
 e - a potion of flight {unknown}
 f - 2 potions of might
 g - a potion of resistance {unknown}
 i - a potion of heal wounds {unknown}
 k - 3 potions of curing
 l - 2 potions of lignification {unknown}
 n - 2 potions of magic
 p - a potion of degeneration {unknown}
Comestibles
 c - 5 rations


   Skills:
 * Level 7.4 Fighting
 * Level 10.5 Axes
 + Level 0.1 Throwing
 + Level 3.6 Armour
 + Level 2.5 Dodging
 - Level 1.5 Stealth
 + Level 0.3 Evocations


You had 7 spell levels left.
You didn't know any spells.

Dungeon Overview and Level Annotations

Branches:
Dungeon (6/15)             Temple (0/1) D:4

Altars:
Gozag

Shops:
D:5 [

Annotations:
D:4 Lokiki's ghost, novice DsMo
D:5 2 runed doors
D:6 spacerossing's ghost, novice FoFi


Message History

Spacerossing's ghost is moderately damaged.
Spacerossing's ghost hits you but does no damage.
You hit spacerossing's ghost but do no damage.
Spacerossing's ghost is moderately damaged.
Spacerossing's ghost hits you!
You hit spacerossing's ghost.
Spacerossing's ghost is moderately damaged.
Spacerossing's ghost hits you.
You hit spacerossing's ghost.
Spacerossing's ghost is heavily damaged.
Spacerossing's ghost hits you.
* * * LOW HITPOINT WARNING * * *
You are electrocuted!
* * * LOW HITPOINT WARNING * * *
You hit spacerossing's ghost but do no damage.
Spacerossing's ghost is heavily damaged.
You slash spacerossing's ghost!
Spacerossing's ghost is severely damaged.
Spacerossing's ghost hits you!!
You die...

#>.............'....# .# #.
#.###..####.#.##....# .# #.#.#.
#...........#.##....##.# #.#.#.
#..#...................####.#.#.
#..#........#...............#.#.
#..#...#......######..#####.#.#.
#..#...#....................#.#.
#..#$..#.###..#######..####.#.#.
#...[.........W@................
##.#?..#.###..########.####.#.#.
#.#...#......# #.## #.#.#.
#............### #..# #.#.#.
#.............<# ##.###.#.#.
#.#.############ #..##.#...
###.#.# ##.##.###. ....#.#
#.##.# ## .####.#######
#.##.###.


You could see spacerossing's ghost.

Vanquished Creatures
  An ogre (D:4)
  A phantom (D:6)
  A bullfrog (D:6)
  4 crimson imps
  2 jellies (D:5)
  A centaur zombie (D:5)
  4 hounds
  A quasit (D:6)
  4 orc wizards
  An orc priest (D:6)
  8 worker ants
  A hound skeleton (D:5)
  2 worker ant zombies
  A howler monkey skeleton (D:6)
  3 gnolls (D:6)
  10 adders
  A shadow imp (D:5)
  A white imp (D:5)
  An ooze (D:2)
  An adder zombie (D:6)
  5 worms
  A dart slug (D:2)
  3 leopard geckos
  19 orcs
  8 bats
  4 giant cockroaches
  10 hobgoblins
  15 jackals
  4 quokkas
  7 frilled lizards
  5 goblins
  4 kobolds
  4 rats
138 creatures vanquished.

Notes
Turn   | Place    | Note
-------+----------+-------------------------------------------
     0 | D:1      | Naru the Hill Orc Monk began the quest for the Orb.
     0 | D:1      | Reached XP level 1. HP: 19/19 MP: 1/1
   510 | D:1      | Reached XP level 2. HP: 25/27 MP: 2/2
  1157 | D:2      | Reached XP level 3. HP: 32/33 MP: 3/3
  1504 | D:2      | Reached skill level 5 in Axes
  1504 | D:2      | Reached XP level 4. HP: 41/41 MP: 4/4
  1514 | D:2      | Reached skill level 1 in Armour
  2230 | D:3      | Reached XP level 5. HP: 46/47 MP: 5/5
  2245 | D:3      | Reached skill level 6 in Axes
  2891 | D:4      | Found a staircase to the Ecumenical Temple.
  3151 | D:4      | Reached skill level 5 in Fighting
  3243 | D:4      | Noticed Lokiki's ghost (novice DsMo)
  3796 | D:4      | Reached skill level 7 in Axes
  3796 | D:4      | Reached XP level 6. HP: 52/56 MP: 6/6
  3983 | D:4      | Became a worshipper of Beogh the Brigand
  3983 | D:4      | Reached * piety under Beogh
  3983 | D:4      | Reached ** piety under Beogh
  5147 | D:5      | Entered Level 5 of the Dungeon
  5258 | D:5      | Reached XP level 7. HP: 54/61 MP: 7/7
  5267 | D:5      | Found a runed door.
  5355 | D:5      | Reached skill level 8 in Axes
  5377 | D:5      | Got a pitted platinum ring
  5500 | D:5      | Found Kiecopn's Antique Armour Emporium.
  5665 | D:5      | Identified the ring "Soug" {+Fly rPois rF+ rC-} (You found it on level 5 of the Dungeon)
  5784 | D:5      | Reached skill level 9 in Axes
  6108 | D:5      | Found a runed door.
  6234 | D:6      | Reached XP level 8. HP: 68/71 MP: 8/8
  6426 | D:6      | Reached skill level 10 in Axes
  6512 | D:6      | Reached *** piety under Beogh
  6548 | D:6      | Found an opulent altar of Gozag.
  6555 | D:6      | Noticed spacerossing's ghost (novice FoFi)
  7552 | D:6      | Mangled by spacerossing's ghost

Skill      XL: |  1  2  3  4  5  6  7  8 |
---------------+-------------------------+-----
Fighting       | 4 5 6 7 |  7.4
Axes           | 5 7 9 10 | 10.5
Armour         | 1 2 3 |  3.6
Throwing       | |  0.1
Dodging        | |  2.5
Stealth        | |  1.5
Evocations     | |  0.3

Action                   |  1- 3 |  4- 6 |  7- 9 || total
-------------------------+-------+-------+-------++-------
Melee: Hand axe          |   125 |   258 |       ||   383
       War axe           |       |    96 |   202 ||   298
Throw: Tomahawk          |       |     4 |       ||     4
Invok: Convert to Beogh  |       |     1 |       ||     1
Evoke: Wand              |       |    22 |       ||    22
  Use: Scroll            |       |     8 |     5 ||    13
 Stab: Confused          |       |     1 |       ||     1
  Eat: Chunk             |     2 |     7 |     2 ||    11
       Ration            |       |     2 |     2 ||     4
Armor: Plate armour      |    95 |   281 |   163 ||   539
Dodge: Dodged            |    24 |    74 |    53 ||   151
